 Dungeon Crawl Stone Soup version 0.29.1-2-gbd0b4ee654 (webtiles) character file.

Game seed: 8069219451513631096

4970 raistware the Destroyer (level 10, 0/63 HPs)
             Began as an Octopode Conjurer on Nov 4, 2022.
             Was a Priest of Vehumet.
             Slain by a hornet (7 damage)
             ... on level 9 of the Dungeon on Nov 7, 2022.
             The game lasted 00:35:27 (11372 turns).

raistware the Destroyer (Octopode Conjurer)        Turns: 11372, Time: 00:35:27

Health: 0/63       AC:  1    Str: 14    XL:     10   Next: 53%
Magic:  20/20      EV: 14    Int: 24    God:    Vehumet [***...]
Gold:   299        SH:  0    Dex: 12    Spells: 2/22 levels left

rFire   . . .      SeeInvis .   b - +7 trident of Mana {flame, Dex+2}
rCold   . . .      Faith    .   (no shield)
rNeg    . . .      Spirit   .   (helmet restricted)
rPois   .          Reflect  .   q - amulet of magic regeneration
rElec   .          Harm     .   z - ring of flight
rCorr   .          Rampage  .   K - +6 ring of strength
Will    .....                   (no ring)
Stlth   ++........              (no ring)
HPRegen 0.20/turn               (no ring)
MPRegen 0.57/turn               (no ring)
                                (no ring)
                                (no ring)

@: confused, lethally poisoned (0 -> -4), flying, slowed, very slow
A: almost no armour, amphibious, 8 rings, camouflage 1, gelatinous body 1,
(nimble swimmer 1), tentacles
a: Renounce Religion


You were on level 9 of the Dungeon.
You worshipped Vehumet.
Vehumet was most pleased with you.
You visited 2 branches of the dungeon, and saw 10 of its levels.
You also visited: Sewer.

You collected 528 gold pieces.
You spent 229 gold pieces at shops.

Inventory:

Hand Weapons
 b - the +7 trident of Mana (weapon) {flame, Dex+2}
   (You bought it in a shop on level 4 of the Dungeon)

   It burns those it strikes, dealing additional fire damage.
   Dex:       It affects your dexterity (+2).
Missiles
 y - 3 curare-tipped darts
 I - 6 poisoned darts
 J - a throwing net
Armour
 e - a +0 buckler
 H - a +2 tower shield
Magical Staves
 D - a staff of fire
Jewellery
 q - an amulet of magic regeneration (around mantle)
 z - a ring of flight (left tentacle)
 K - a +6 ring of strength (right tentacle)
Wands
 t - a wand of charming (12)
 E - a wand of digging (6)
Scrolls
 g - 2 scrolls of teleportation
 i - a scroll of torment {unknown}
 j - a scroll of summoning {unknown}
 l - 3 scrolls of immolation {unknown}
 m - a scroll of magic mapping {unknown}
 o - 3 scrolls of blinking {unknown}
 p - 2 scrolls of poison {unknown}
 r - a scroll of vulnerability {unknown}
 w - a scroll of amnesia {unknown}
 x - a scroll of butterflies {unknown}
 C - 9 scrolls of identify {unknown}
 F - 2 scrolls of enchant armour {unknown}
Potions
 a - a potion of magic
 c - 4 potions of curing
 f - 3 potions of flight {unknown}
 h - 5 potions of haste {unknown}
 k - a potion of cancellation {unknown}
 n - 3 potions of degeneration {unknown}
 s - 2 potions of invisibility {unknown}
 u - 5 potions of might {unknown}
 v - 2 potions of berserk rage {unknown}
 A - a potion of ambrosia {unknown}
 B - a potion of lignification {unknown}
 G - a potion of brilliance {unknown}


   Skills:
 - Level 3.0 Fighting
 - Level 4.5 Dodging
 - Level 4.0 Stealth
 - Level 1.0 Shields
 + Level 6.9 Spellcasting
 * Level 11.7 Conjurations
 - Level 2.0 Translocations
 - Level 1.0 Transmutations
 + Level 2.5 Fire Magic
 - Level 1.0 Air Magic
 - Level 2.0 Poison Magic
 + Level 1.7 Evocations


You had 2 spell levels left.
You knew the following spells:

 Your Spells              Type           Power      Damage    Failure   Level
a - Magic Dart            Conj           100%       1d8       1%          1
b - Iskenderun's Mystic   Conj/Tloc      41%        2d9       1%          4
c - Mephitic Cloud        Conj/Pois/Air  31%        N/A       1%          3
d - Ignite Poison         Fire/Tmut/Pois 17%        N/A       3%          3
e - Freezing Cloud        Conj/Ice/Air   14%        6-21      10%         5
f - Stone Arrow           Conj/Erth      72%        3d11      1%          3
z - Apportation           Tloc           34%        N/A       3%          1

Your spell library contained the following spells:

 Spells                   Type           Power      Damage    Failure   Level
 Searing Ray              Conj           100%       2d8       1%          2
 Necrotise                Necr           32%        1d5       8%          1
 Summon Small Mammal      Summ           32%        N/A       8%          1
 Dazzling Flash           Conj/Hex       72%        N/A       1%          3
 Fulminant Prism          Conj/Hex       18%        3d11      1%          4
 Lightning Bolt           Conj/Air       19%        1d33      4%          5
 Airstrike                Air            6%         2d(1-17)  13%         4
 Summon Lightning Spire   Summ/Air       10%        N/A       52%         4


Dungeon Overview and Level Annotations

Branches:
Dungeon (9/15)             Temple (1/1) D:5            Lair (0/5) D:8
  Sewer (visited)
    Orc: D:9-12

Altars:
Ashenzari
Cheibriados
Dithmenos
Fedhas
Gozag
Hepliaklqana
Kikubaaqudgha
Makhleb
Nemelex Xobeh
Okawaru
Qazlal
Sif Muna
Trog
Vehumet
Wu Jian
Xom
Yredelemnul
Zin
The Shining One

Shops:
D:2 (   D:4 [([==   D:6 :

Annotations:
D:3 2 transporters
D:5 2 transporters, diceflayer's ghost, novice DsFi
D:9 2 transporters


Innate Abilities, Weirdness & Mutations

You cannot wear most types of armour.
You are amphibious.
You can wear up to eight rings at the same time.
Your skin changes colour to match your surroundings (Stealth+).
Your rubbery body absorbs attacks. (AC +1, EV +1)
((You are camouflaged when in or above water. (Stealth+)))
You have tentacles for arms and can constrict up to eight enemies at once.


Message History

You are lethally poisoned!
You feel as though you will be slow longer.
Unknown command.
You're too confused to cast spells.
You bump into the rock wall.
* * * LOW HITPOINT WARNING * * *
You feel very sick. The hornet closely misses you. x2
Unknown command.
Unknown command.
Unknown command.
Unknown command.
You're too confused to cast spells.
The hornet attacks as you move away! The hornet misses you.
A yak comes into view.
* * * LOW HITPOINT WARNING * * *
You feel very sick. The hornet stings you.
* * * LOW HITPOINT WARNING * * *
You feel as though you will be slow longer.
The orc wizard gestures at you while chanting.
You are more confused.
Unknown command.
You feel much better.
You hear the faint creaking of a distant portcullis.
You feel very sick. The hornet stings you.
* * * LOW HITPOINT WARNING * * *
You feel as though you will be slow longer.
The hornet closely misses you.
A centaur comes into view.
Unknown command.
Unknown command.
Magic courses through your body.
You feel sick. The hornet misses you. The acid dragon bites you.
* * * LOW HITPOINT WARNING * * *
The acid dragon closely misses you.
The orc wizard mumbles some strange words.
The orc wizard flickers and vanishes!
The hornet stings you!
You die...

..# ..# # #.##
.. #..#
.....###..####
#...........#
###Y####.##...)
####....yc#####.
#......@D.{.....
..#####⌠.⌠#####.
#.? #...#:$.# ♣.
#.©.# ?$♣ #
##### +## .©.©.
...... #...#..


You could see a yak, a hornet, an acid dragon and a centaur.

Vanquished Creatures
  A two-headed ogre (D:6)
  A deep elf pyromancer (D:6)
  Psyche (D:8)
  A wyvern (D:7)
  A wraith (D:9)
  Menkaure (D:7)
  4 water moccasins
  A swamp drake (D:8)
  4 black bears
  An ogre (D:4)
  2 centaurs
  A phantom (D:4)
  A kobold brigand (D:7)
  8 bullfrogs
  4 wights (D:7)
  3 vampire bats (D:4)
  A howler monkey (D:8)
  2 hounds
  4 orc priests
  4 jellies
  Crazy Yiuf (D:2)
  Jessica (D:2)
  7 iguanas
  Natasha (thrice) (D:3)
  5 orc wizards
  4 gnolls (D:4)
  16 adders
  4 river rats
  A shadow imp (D:5)
  2 white imps (D:6)
  An ufetubus (D:7)
  8 worms
  4 dart slugs
  11 orcs
  18 ball pythons
  10 endoplasms
  7 giant cockroaches
  11 goblins
  12 hobgoblins
  10 jackals
  10 kobolds
  3 quokkas
  12 bats
  8 frilled lizards
  16 rats
231 creatures vanquished.

Vanquished Creatures (others)
  A scorpion (D:8)
  26 fungi (D:8)
  19 plants (D:8)
46 creatures vanquished.

Grand Total: 277 creatures vanquished

Notes
Turn   | Place    | Note
-------+----------+-------------------------------------------
     0 | D:1      | raistware the Octopode Conjurer began the quest for the
                  | Orb.
     0 | D:1      | Reached XP level 1. HP: 11/11 MP: 3/3
   201 | D:1      | Reached XP level 2. HP: 17/17 MP: 0/5
   698 | D:1      | Found a faded altar of an unknown god.
   799 | D:1      | Reached XP level 3. HP: 21/21 MP: 5/7
  1899 | D:2      | Found Ocunan's Weapon Shoppe.
  1903 | D:2      | Noticed Jessica
  1907 | D:2      | Learned a level 1 spell: Apportation
  1909 | D:2      | Killed Jessica
  1910 | D:2      | Reached XP level 4. HP: 27/27 MP: 6/10
  2216 | D:2      | Found a broken altar of Ashenzari.
  2444 | D:2      | Reached skill level 1 in Translocations
  2718 | D:2      | Found a runed translucent door.
  2719 | D:2      | Noticed Crazy Yiuf
  2882 | D:2      | Learned a level 4 spell: Iskenderun's Mystic Blast
  2886 | D:2      | Learned a level 3 spell: Mephitic Cloud
  2900 | D:2      | Reached XP level 5. HP: 30/31 MP: 6/11
  2904 | D:2      | Learned a level 3 spell: Ignite Poison
  3017 | D:2      | Killed Crazy Yiuf
  3143 | D:3      | Found a hazy altar of Hepliaklqana.
  3199 | D:3      | Reached skill level 1 in Poison Magic
  3359 | D:3      | Noticed Natasha
  3364 | D:3      | Killed Natasha
  3450 | D:3      | You fall into a shaft and drop 3 floors!
  3461 | D:5      | Entered Level 5 of the Dungeon
  3492 | D:5      | Reached XP level 6. HP: 25/36 MP: 12/12
  3580 | D:5      | Found a staircase to the Ecumenical Temple.
  3589 | Temple   | Entered the Ecumenical Temple
  3621 | Temple   | Became a worshipper of Vehumet
  3817 | D:5      | Found a transporter.
  3818 | D:5      | Found a transporter.
  3818 | D:5      | Noticed diceflayer's ghost (novice DsFi)
  3946 | D:5      | Reached skill level 5 in Conjurations
  4075 | D:5      | Found a glowing drain.
  4079 | Sewer    | Entered a sewer
  4219 | Sewer    | Reached * piety under Vehumet
  4219 | Sewer    | Offered knowledge of Sandblast by Vehumet.
  4358 | Sewer    | Reached skill level 1 in Transmutations
  4445 | Sewer    | Found a viscous altar of Jiyva.
  4482 | Sewer    | Reached XP level 7. HP: 41/41 MP: 11/13
  4489 | Sewer    | Reached skill level 1 in Air Magic
  4494 | Sewer    | Reached skill level 1 in Fire Magic
  4669 | D:4      | Found Iginull's Jewellery Shop.
  4798 | D:3      | Found a transporter.
  4917 | D:3      | Found a transporter.
  4963 | D:3      | Noticed Natasha
  4966 | D:3      | HP: 2/42 [Natasha/bolt of dispelling energy (19)]
  4972 | D:3      | Killed Natasha
  5355 | D:3      | Noticed Natasha
  5366 | D:3      | Killed Natasha
  5829 | D:4      | Reached skill level 1 in Fighting
  5974 | D:4      | Reached skill level 6 in Conjurations
  6065 | D:4      | Found Hehon's Jewellery Shop.
  6101 | D:4      | Reached ** piety under Vehumet
  6184 | D:4      | Offered knowledge of Freeze by Vehumet.
  6219 | D:4      | HP: 1/43 [orc priest/divine providence (12)]
  6221 | D:4      | Reached skill level 5 in Spellcasting
  6224 | D:4      | Reached skill level 7 in Conjurations
  6224 | D:4      | Reached XP level 8. HP: 27/48 MP: 6/15
  6363 | D:4      | Found Boes's Armour Boutique.
  6384 | D:4      | Found an opulent altar of Gozag.
  6401 | D:4      | Found Xioracev's Antique Weapon Shoppe.
  6480 | D:4      | Found Wihut's Antique Armour Shop.
  6743 | D:4      | Bought a steaming trident for 229 gold pieces
  6743 | D:4      | Identified the +7 trident of Mana {flame, Dex+2} (You
                  | bought it in a shop on level 4 of the Dungeon)
  7618 | D:5      | Reached skill level 8 in Conjurations
  8368 | D:6      | Offered knowledge of Conjure Flame by Vehumet.
  8385 | D:6      | Found Quer's Book Emporium.
  8970 | D:6      | Noticed a two-headed ogre
  8978 | D:6      | Killed a two-headed ogre
  8979 | D:6      | Reached skill level 9 in Conjurations
  8979 | D:6      | Reached XP level 9. HP: 18/54 MP: 7/17
  9401 | D:6      | Noticed a deep elf pyromancer
  9431 | D:6      | Killed a deep elf pyromancer
  9432 | D:6      | Reached skill level 10 in Conjurations
  9599 | D:7      | Reached skill level 1 in Evocations
  9624 | D:7      | Noticed Menkaure
  9692 | D:7      | Killed Menkaure
  9693 | D:7      | Reached skill level 11 in Conjurations
  9693 | D:7      | Reached XP level 10. HP: 60/60 MP: 14/19
  9751 | D:7      | Reached *** piety under Vehumet
 10160 | D:7      | Found a shimmering altar of Xom.
 10442 | D:7      | Learned a level 5 spell: Freezing Cloud
 10462 | D:8      | Found a glowing silver altar of Zin.
 10515 | D:8      | Found a glowing golden altar of the Shining One.
 10548 | D:8      | Found a blossoming altar of Fedhas.
 10670 | D:8      | Noticed Psyche
 10687 | D:8      | Killed Psyche
 10688 | D:8      | Reached skill level 1 in Shields
 10897 | D:8      | Found a staircase to the Lair.
 10925 | D:8      | Offered knowledge of Stone Arrow by Vehumet.
 10930 | D:8      | Learned a level 3 spell: Stone Arrow
 11359 | D:9      | Noticed a skeletal warrior
 11366 | D:9      | Found a transporter.
 11366 | D:9      | Found a transporter.
 11370 | D:9      | HP: 2/63 [hornet (5)]
 11372 | D:9      | Slain by a hornet

Illustrated notes

Levels and vault maps discovered:
D:1:      shiori_arrival_elements, layout_basic,
          hellmonk_ecumenical_altar_zigzags
D:2:      layout_loops_cross, basic_altar, serial_shops,
          nicolae_shop_waterfront, serial_aquarium, aquarium_bridge_straight
          [aquarium_subvault_bridge, aquarium_subvault_balcony,
          aquarium_subvault_bridge, aquarium_subvault_wall],
          aquarium_bridge_square [aquarium_subvault_bridge,
          aquarium_subvault_window, aquarium_subvault_wall,
          aquarium_subvault_wall], aquarium_window_corridor_1,
          aquarium_window_1, aquarium_window_1, aquarium_window_1,
          aquarium_view_2g, aquarium_balcony_3b, aquarium_pool_2,
          minmay_pentomino_pile, uniq_jessica, uniq_crazy_yiuf_cottage
D:3:      gammafunk_steamed_eel, layout_basic,
          mainiacjoe_overflow_cross_hatched, uniq_natasha
D:4:      layout_loops_ring, grunt_gozag_breadcrumbs, serial_shops,
          nicolae_inconvenience_store, nicolae_shop_overgrown_old_shop,
          nicolae_shop_trees, nicolae_stop_n_shop_2, shop, roderic_batcave
D:5:      kennysheep_spiral_hall, layout_basic, minmay_temple_entry_mist,
          gammafunk_ghost_arena, gup_sewer_entry_spiral, kennysheep_flooded_box
D:6:      layout_gridville, serial_shops, shop, guppyfry_early_elven_hall
D:7:      layout_gridville, mainiacjoe_overflow_six_doors_small, st_stairs_5,
          amcnicky_mini_pool_small, hangedman_decor_clover_reticule,
          uniq_menkaure
D:8:      layout_gridville, mainiacjoe_overflow_24_doors, tso_oasis_becter,
          mainiacjoe_overflow_concentric_impassable,
          due_lair_maze_entry_diamond, uniq_psyche
D:9:      gammafunk_the_bubble [the_bubble_gammafunk_roulette], layout_basic,
          nicolae_uskayaw_dance_studio, nicolae_elyvilon_peaceful_grove,
          enter_bailey_3, minmay_pinched_square
Temple:   nicolae_temple_hex_pool

Skill      XL: |  1  2  3  4  5  6  7  8  9 10 |
---------------+-------------------------------+-----
Spellcasting   | 3 4 5 6 |  6.9
Translocations | 1 2 |  2.0
Poison Magic   | 2 |  2.0
Stealth        | 3 4 |  4.0
Conjurations   | 5 7 9 11 | 11.7
Transmutations | 1 |  1.0
Air Magic      | 1 |  1.0
Fire Magic     | 1 2 |  2.5
Fighting       | 1 2 3 |  3.0
Dodging        | 3 4 |  4.5
Evocations     | 1 |  1.7
Shields        | 1 |  1.0

Action                   |  1- 3 |  4- 6 |  7- 9 | 10-12 || total
-------------------------+-------+-------+-------+-------++-------
Melee: Unarmed           |     7 |       |       |       ||     7
       Constrict         |     6 |     5 |    15 |     9 ||    35
       Tentacles         |     5 |     3 |    10 |     7 ||    25
       Punch             |     1 |       |     1 |     1 ||     3
       Short sword       |     7 |    31 |    26 |       ||    64
       Trident           |       |       |    38 |    49 ||    87
Throw: Throwing net      |       |       |     1 |       ||     1
 Cast: Magic Dart        |    74 |   166 |   168 |    29 ||   437
       Mephitic Cloud    |       |     1 |    11 |    11 ||    23
       Ignite Poison     |       |     1 |     5 |     5 ||    11
       Iskenderun's Myst |       |     3 |    14 |     8 ||    25
Evoke: Wand              |       |       |     2 |     2 ||     4
  Use: Potion            |       |       |     4 |     4 ||     8
       Scroll            |       |       |       |     1 ||     1
 Stab: Sleeping          |       |     4 |     1 |     1 ||     6
       Confused          |       |       |     1 |     2 ||     3
       Held in net/web   |       |       |     1 |       ||     1
Armor: Skin              |     5 |     1 |    11 |       ||    17
Dodge: Dodged            |    25 |    36 |    47 |    38 ||   146
